 Dungeon Crawl Stone Soup version 0.21-a0-522-ga8338f0 (webtiles) character file.

18260 Dawnplanks the Cleaver (level 12, -10/106 HPs)
             Began as a Hill Orc Fighter on Dec 6, 2017.
             Was a Priest of the Shining One.
             Mangled by an orc warrior
             ... wielding a +0 glaive
              (17 damage)
             ... in a bailey.
             The game lasted 00:42:36 (12489 turns).

Dawnplanks the Cleaver (Hill Orc Fighter)          Turns: 12489, Time: 00:42:37

Health: -10/106    AC: 19    Str: 23    XL:     12   Next: 56%
Magic:  20/20      EV: 12    Int:  8    God:    the Shining One [***...]
Gold:   608        SH:  0    Dex: 11    Spells: 11/11 levels left

rFire    + + .     SeeInvis .   K - +2 battleaxe (freeze)
rCold    x . .     Gourm    .   (shield currently unavailable)
rNeg     + + .     Faith    .   t - +2 fire dragon scales
rPois    .         Spirit   .   Z - +2 hat
rElec    .         Reflect  .   s - +0 cloak
rCorr    .         Harm     .   (no gloves)
MR       +....                  H - +1 pair of boots
Stlth    ..........             W - amulet of rage
HPRegen  0.27/turn              r - ring of positive energy
MPRegen  0.17/turn              y - ring of protection from magic

@: hasted, glowing, very quick
A: no striking features
a: Divine Shield, Renounce Religion, Evoke Berserk Rage


You were in a bailey.
You worshipped the Shining One.
The Shining One was most pleased with you.
You were not hungry.

You visited 3 branches of the dungeon, and saw 14 of its levels.
You also visited: Sewer and Bailey.

You collected 608 gold pieces.

Inventory:

Hand Weapons
 x - a +0 arbalest
 E - a +0 war axe of freezing
 K - a +2 battleaxe of freezing (weapon)
Missiles
 C - 5 javelins of penetration (quivered)
 G - 243 bolts
Armour
 b - a +0 scale mail
 c - a +0 shield
 n - a +0 chain mail of poison resistance
 s - a +0 cloak (worn)
 t - +2 fire dragon scales (worn)
 H - a +1 pair of boots (worn)
 Z - a +2 hat (worn)
Jewellery
 l - an uncursed ring of see invisible
 r - a ring of positive energy (left hand)
 y - a ring of protection from magic (right hand)
 N - an uncursed amulet of harm
 P - an uncursed ring of fire
 W - an amulet of rage (around neck)
Wands
 a - a wand of digging (21)
 I - a wand of polymorph (39)
 S - a wand of acid (11)
Scrolls
 e - a scroll of enchant armour {unknown}
 g - 9 scrolls of remove curse
 h - 2 scrolls of enchant weapon {unknown}
 j - 2 scrolls of teleportation {unknown}
 k - 2 scrolls of random uselessness {unknown}
 o - a scroll of fear {unknown}
 p - 2 scrolls of magic mapping {unknown}
 A - 4 scrolls of amnesia
 F - a scroll of fog
 O - 2 scrolls of blinking {unknown}
 T - 2 scrolls of summoning {unknown}
 Y - a scroll of noise {unknown}
Potions
 d - 2 potions of might
 i - 3 potions of curing
 m - a potion of magic
 q - a potion of haste
 u - a potion of agility
 v - a potion of flight
 w - 2 potions of mutation
 z - 6 potions of brilliance
 B - a potion of cancellation
 Q - a potion of ambrosia
 U - a potion of resistance
 V - a potion of invisibility
Comestibles
 f - 9 bread rations
 D - 6 meat rations
 M - 5 royal jellies


   Skills:
 + Level 9.8 Fighting
 + Level 13.9 Axes
 + Level 9.2 Armour
 + Level 5.6 Dodging
 + Level 9.3 Shields
 * Level 10.9 Invocations


You had 11 spell levels left.
You didn't know any spells.

Dungeon Overview and Level Annotations

Branches:
Dungeon (12/15)            Temple (1/1) D:5            Lair (0/6) D:11
    Orc (1/2) D:9

Altars:
Ashenzari
Cheibriados
Dithmenos
Elyvilon
Fedhas
Gozag
Nemelex Xobeh
Okawaru
Qazlal
Ru
Sif Muna
Trog
Uskayaw
Wu Jian
The Shining One

Shops:
D:4 *!   D:11 :


Message History

You completely miss the orc warrior.
The orc warrior is severely wounded.
The orc warrior misses you. x2; The orc warrior barely misses you.
You closely miss the orc warrior.
The orc warrior is severely wounded.
The orc knight hits you but does no damage.
The orc warrior hits you from afar with a trident.
The orc warrior barely misses you.
You slice the orc warrior!! You freeze the orc warrior.
You kill the orc warrior!
The orc warrior hits you from afar with a glaive!!
* * * LOW HITPOINT WARNING * * *
The orc knight hits you from afar with a glaive!!
* * * LOW HITPOINT WARNING * * *
The orc warrior hits you from afar with a trident.
* * * LOW HITPOINT WARNING * * *
Okay, then.
You feel yourself speed up.
The orc warrior hits you from afar with a glaive!
You die...

.........#..##)#)##..#...........
........##.#########.##..........
........##.'.#:. #)'.##..........
........##)###._ ###.##..........
........##.')#.. #)'.##..........
........##.####'####.##..........
........##..##ooo##..#...........
............##'))#..##...........
............##..@..##)...........
..≈≈≈≈≈.....##....##....≈≈≈≈≈....
.≈≈#(#≈≈....#######....≈≈#)#≈≈...
.≈##.∩#≈...............≈#∩.##≈...
.≈ .^.(≈...............≈..^..≈...
##.##≈...............≈##.##≈...
#.#≈≈...............≈≈#.#≈≈...
≈≈≈≈.............)...≈≈≈≈≈....
..............................


You could see an orc knight and 2 orc warriors.

Vanquished Creatures
  Nessos (D:12)
  Azrael (D:12)
  3 two-headed ogres
  Erica (D:11)
  Sonja (D:12)
  Nergalle (D:11)
  A cyclops (D:12)
  A centaur zombie (D:11)
  2 gargoyles
  A komodo dragon (D:10)
  3 meliai (D:12)
  2 trolls
  A hippogriff (D:7)
  A human (D:7)
  A fire elemental (D:12)
  5 yaks
  A hungry ghost (D:9)
  3 hogs (D:7)
  Menkaure (D:7)
  A soldier ant (D:11)
  A water moccasin (D:8)
  Duvessa (D:7)
  3 hell hounds (D:12)
  2 porcupines (D:11)
  A phantom (D:5)
  5 sky beasts
  16 orc warriors
  3 ice beasts
  A black bear (D:10)
  A necrophage (D:6)
  4 ogres
  4 centaurs
  2 big kobolds
  5 bullfrogs
  Dowan (D:7)
  5 scorpions
  A wyvern skeleton (D:6)
  15 killer bees
  9 wights
  4 howler monkeys
  7 crimson imps
  2 quasits
  A bullfrog zombie (D:5)
  2 lava snakes (D:7)
  3 bullfrog skeletons
  4 jellies
  6 orc priests
  Crazy Yiuf (D:7)
  6 hounds
  A centaur skeleton (D:7)
  An iron imp (D:6)
  9 iguanas
  20 orc wizards
  10 worker ants
  A hound zombie (D:7)
  A worker ant zombie (D:11)
  2 hound skeletons
  Robin (D:1)
  15 adders
  2 river rats (D:3)
  2 shadow imps
  2 oozes
  4 adder skeletons
  An adder zombie (D:5)
  A worm (D:3)
  A dart slug (D:4)
  6 leopard geckos
  70 orcs
  A ball python (D:4)
  6 bats
  10 giant cockroaches
  10 goblins
  13 hobgoblins
  12 jackals (D:2)
  A quokka (D:5)
  8 frilled lizards
  16 kobolds
  A leopard gecko skeleton (D:6)
  15 rats
  A plant (D:5)
392 creatures vanquished.

Notes
Turn   | Place    | Note
-------+----------+-------------------------------------------
     0 | D:1      | Dawnplanks the Hill Orc Fighter began the quest for the Orb.
     0 | D:1      | Reached XP level 1. HP: 19/19 MP: 1/1
    95 | D:1      | Reached skill level 3 in Axes
    95 | D:1      | Reached XP level 2. HP: 23/27 MP: 2/2
   273 | D:1      | Reached XP level 3. HP: 33/33 MP: 3/3
   581 | D:2      | Found an opulent altar of Gozag.
   605 | D:2      | Noticed Robin
   851 | D:1      | Killed Robin
   851 | D:1      | Reached skill level 4 in Axes
   851 | D:1      | Reached XP level 4. HP: 34/40 MP: 4/4
  1219 | D:2      | Found a white marble altar of Elyvilon.
  1238 | D:2      | Became a worshipper of Elyvilon the Healer
  1757 | D:3      | Reached XP level 5. HP: 42/46 MP: 5/5
  1811 | D:3      | Reached * piety under Elyvilon
  2002 | D:3      | Reached skill level 5 in Axes
  2042 | D:3      | Found a glowing drain.
  2050 | Sewer    | Entered a sewer
  2742 | Sewer    | Reached XP level 6. HP: 24/53 MP: 6/6
  3347 | D:4      | Found Jephiam's Distillery.
  3359 | D:4      | Reached skill level 6 in Axes
  3406 | D:4      | Reached skill level 1 in Dodging
  3413 | D:4      | Reached XP level 7. HP: 44/60 MP: 7/7
  3577 | D:4      | Reached skill level 5 in Fighting
  3607 | D:4      | Reached skill level 5 in Armour
  3607 | D:4      | Reached skill level 5 in Shields
  3712 | D:4      | Reached skill level 7 in Axes
  3731 | D:4      | Reached ** piety under Elyvilon
  3752 | D:4      | Found Ziskex's Elemental Accessories.
  3880 | D:5      | Entered Level 5 of the Dungeon
  3968 | D:5      | Reached XP level 8. HP: 42/68 MP: 8/8
  4058 | D:5      | Reached skill level 8 in Axes
  4384 | D:5      | Found a staircase to the Ecumenical Temple.
  4418 | Temple   | Entered the Ecumenical Temple
  4460 | Temple   | Fell from the grace of Elyvilon
  4460 | Temple   | Became a worshipper of the Shining One
  4572 | D:5      | Found a sparkling altar of Nemelex Xobeh.
  4621 | D:5      | Reached * piety under the Shining One
  4777 | D:6      | Reached skill level 9 in Axes
  4931 | D:6      | Reached skill level 10 in Axes
  4931 | D:6      | Reached XP level 9. HP: 58/75 MP: 9/9
  5084 | D:6      | Found a snail-covered altar of Cheibriados.
  5441 | D:6      | Reached skill level 11 in Axes
  5849 | D:7      | Reached ** piety under the Shining One
  5986 | D:7      | Noticed Dowan
  5999 | D:7      | Killed Dowan
  6020 | D:7      | Found a shattered altar of Ashenzari.
  6051 | D:7      | Noticed Menkaure
  6059 | D:7      | Killed Menkaure
  6059 | D:7      | Reached skill level 1 in Invocations
  6132 | D:7      | Noticed Duvessa
  6151 | D:7      | Killed Duvessa
  6151 | D:7      | Reached skill level 12 in Axes
  6190 | D:7      | Reached XP level 10. HP: 68/86 MP: 12/12
  6212 | D:7      | Reached *** piety under the Shining One
  6412 | D:7      | Found a shadowy altar of Dithmenos.
  6451 | D:7      | Found a runed door.
  6456 | D:7      | Noticed Crazy Yiuf
  6460 | D:7      | Killed Crazy Yiuf
  6555 | D:7      | Found a stormy altar of Qazlal.
  6722 | D:7      | Found a deep blue altar of Sif Muna.
  6880 | D:7      | Reached skill level 5 in Invocations
  7294 | D:8      | Noticed a two-headed ogre
  7301 | D:8      | Killed a two-headed ogre
  7853 | D:9      | Noticed a two-headed ogre
  7859 | D:9      | Killed a two-headed ogre
  7859 | D:9      | Reached XP level 11. HP: 61/94 MP: 11/16
  8210 | D:9      | Found a staircase to the Orcish Mines.
  8523 | D:9      | Found a sacrificial altar of Ru.
  8578 | D:10     | Entered Level 10 of the Dungeon
  8578 | D:10     | Noticed a two-headed ogre
  8582 | D:10     | Killed a two-headed ogre
  8718 | D:10     | Reached skill level 13 in Axes
  9626 | D:11     | Reached **** piety under the Shining One
  9637 | D:11     | Found Fydymp's Book Boutique.
 10065 | D:11     | Noticed Nergalle
 10074 | D:11     | Killed Nergalle
 10168 | D:11     | Noticed Erica
 10178 | D:11     | Killed Erica
 10330 | D:11     | Found a staircase to the Lair.
 10368 | D:12     | Reached skill level 5 in Dodging
 10442 | D:12     | Reached XP level 12. HP: 36/104 MP: 16/19
 10445 | D:12     | Noticed Sonja
 10445 | D:12     | HP: 5/104 [poisoned by Sonja (curare-tipped needle)]
 10445 | D:12     | The Shining One protects you from harm!
 10472 | D:12     | Killed Sonja
 10535 | D:12     | Reached skill level 10 in Invocations
 10919 | D:12     | Noticed Nessos
 10940 | D:12     | The Shining One protects you from harm!
 10942 | D:12     | HP: 4/105 [Nessos/arrow (9)]
 10943 | D:12     | HP: 1/105 [Nessos/arrow (13)]
 10943 | D:12     | The Shining One protects you from harm!
 10946 | D:12     | Killed Nessos
 11392 | D:12     | Noticed Azrael
 11401 | D:12     | Killed Azrael
 11495 | Orc:1    | Entered Level 1 of the Orcish Mines
 11598 | Orc:1    | Found a flagged portal.
 11608 | Bailey   | Entered a bailey
 12478 | Bailey   | Found a roughly hewn altar of Beogh.
 12489 | Bailey   | Mangled by an orc warrior

Vault maps used:
D:1:      saegor_arrival_simple_e
D:2:      elyvilon_altar_3, nicolae_overflow_hidden_temple, uniq_robin
D:3:      first_bread, lightli_sewer_entry_pipes
D:4:      serial_shops, shop, nicolae_elemental_shop
D:5:      lemuel_ice_spiral_2, nicolae_overflow_crystal_walls,
          minmay_temple_entry_overgrown, minmay_misc_feat_secret_circle
D:6:      slow_altar_2
D:7:      kennysheep_big_flooded_room, lemuel_round_altar,
          evilmike_ruin_ashenzari, kennysheep_mini, grunt_dithmenos_shadows,
          led_sif_book, grunt_livestock, lightli_corner_chamber, uniq_duvessa,
          uniq_menkaure, uniq_crazy_yiuf_cottage
D:8:      minmay_misc_feat_enclosed
D:9:      nicolae_ru_the_path_less_chosen, orc_0_dummy
D:11:     grunt_lair_entry_orc_guard_hut, serial_shops,
          nicolae_shop_behind_doors, uniq_erica, uniq_nergalle
D:12:     st_stairs_8, uniq_nessos, uniq_azrael, uniq_sonja
Temple:   hc_temple_tempest_star
Orc:1:    enter_bailey_2, basic_altar, serial_shops, shop_statue
Sewer:    sewer_frog_island_01
Bailey:   bailey_polearm_2, bailey

Skill      XL: |  1  2  3  4  5  6  7  8  9 10 11 12 |
---------------+-------------------------------------+-----
Axes           | 3 4 5 6 7 10 12 13 | 13.9
Fighting       | 4 5 6 7 8 9 |  9.8
Shields        | 4 5 6 7 8 9 |  9.3
Armour         | 4 5 6 7 8 9 |  9.2
Dodging        | 1 2 4 5 |  5.6
Invocations    | 3 6 9 10 | 10.9

Action                   |  1- 3 |  4- 6 |  7- 9 | 10-12 || total
-------------------------+-------+-------+-------+-------++-------
Melee: War axe           |    81 |   268 |   364 |   100 ||   813
       Battleaxe         |       |       |       |   332 ||   332
       Unarmed           |       |       |       |     4 ||     4
 Fire: Arbalest          |       |       |       |    38 ||    38
Throw: Javelin           |       |       |       |     3 ||     3
Invok: Divine Shield     |       |       |     1 |    10 ||    11
       Cleansing Flame   |       |       |       |     5 ||     5
 Abil: Evoke Berserk Rag |       |       |       |     1 ||     1
  Use: Scroll            |       |       |       |    13 ||    13
       Potion            |       |       |       |    13 ||    13
  Eat: Chunk             |       |     7 |     9 |    20 ||    36
       Fruit             |       |     1 |       |     2 ||     3
       Royal jelly       |       |       |     1 |     1 ||     2
Armor: Scale mail        |    58 |   100 |       |       ||   158
       Fire dragon scale |       |    16 |   120 |   228 ||   364
       Chain mail        |       |       |       |     9 ||     9
       Skin              |       |       |       |     1 ||     1
Dodge: Dodged            |    29 |    83 |   107 |   297 ||   516
Block: Shield            |    67 |   163 |   157 |    52 ||   439
       Other             |       |       |       |    39 ||    39

Table legend:
 A = Spawn XP
 B = Non-spawn XP
 C = Spawn XP percentage of total XP
 D = Spawn monster count
 E = Non-spawn monster count
 F = Spawn count percentage of total count
 G = Total turns spent on level
                    A         B        C        D         E        F      G
               +---------+---------+-------+---------+---------+-------+---------
         Total |       0 |   26086 |   0.0 |       0 |     391 |   0.0 | 12489
               +---------+---------+-------+---------+---------+-------+---------
           D:1 |       0 |      87 |   0.0 |       0 |      34 |   0.0 |   797
           D:2 |       0 |      68 |   0.0 |       0 |      32 |   0.0 |   802
           D:3 |       0 |      90 |   0.0 |       0 |      20 |   0.0 |   648
           D:4 |       0 |     593 |   0.0 |       0 |      21 |   0.0 |   533
           D:5 |       0 |     673 |   0.0 |       0 |      16 |   0.0 |   816
           D:6 |       0 |    1540 |   0.0 |       0 |      40 |   0.0 |  1215
           D:7 |       0 |    3313 |   0.0 |       0 |      43 |   0.0 |  1094
           D:8 |       0 |    1719 |   0.0 |       0 |      21 |   0.0 |   557
           D:9 |       0 |    2172 |   0.0 |       0 |      18 |   0.0 |   972
          D:10 |       0 |    2832 |   0.0 |       0 |      30 |   0.0 |  1026
          D:11 |       0 |    4355 |   0.0 |       0 |      35 |   0.0 |  1101
          D:12 |       0 |    6627 |   0.0 |       0 |      30 |   0.0 |   776
         Orc:1 |       0 |     559 |   0.0 |       0 |      11 |   0.0 |   113
         Sewer |       0 |     243 |   0.0 |       0 |      18 |   0.0 |  1100
        Bailey |       0 |    1215 |   0.0 |       0 |      22 |   0.0 |   881
               +---------+---------+-------+---------+---------+-------+---------
